 Dungeon Crawl Stone Soup version 0.29-a0-504-gec6baf379c (webtiles) character file.

Game seed: 15894700474206174063

51 Colgate the Sneak (level 4, 0/26 HPs)
             Began as a Kobold Brigand on May 28, 2022.
             Killed from afar by an orc wizard (3 damage)
             ... with a magic dart
             ... on level 2 of the Dungeon.
             The game lasted 00:02:11 (1267 turns).

Colgate the Sneak (Kobold Brigand)                  Turns: 1267, Time: 00:02:12

Health: 0/26       AC:  4    Str:  8    XL:     4   Next: 7%
Magic:  4/4        EV: 14    Int: 12    God:
Gold:   12         SH:  0    Dex: 18    Spells: 3/3 levels left

rFire   . . .      SeeInvis .   a - +2 dagger
rCold   . . .      Faith    .   (no shield)
rNeg    . . .      Spirit   .   b - +0 robe
rPois   .          Reflect  .   (no helmet)
rElec   .          Harm     .   c - +0 cloak
rCorr   .          Rampage  .   k - +0 pair of gloves
Will    .....                   (no boots)
Stlth   +++++.....              (no amulet)
HPRegen 0.08/turn               (no ring)
MPRegen 0.09/turn               (no ring)

@: no status effects
A: small, no large weapons, nightstalker 3
a: no special abilities


You were on level 2 of the Dungeon.
You visited 1 branch of the dungeon, and saw 2 of its levels.

You collected 12 gold pieces.

Inventory:

Hand Weapons
 a - a +2 dagger (weapon)
 g - a +0 short sword
Missiles
 d - 9 poisoned darts (quivered)
 e - 3 curare-tipped darts
Armour
 b - a +0 robe (worn)
 c - a +0 cloak (worn)
 k - a +0 pair of gloves (worn)
Scrolls
 h - a scroll of identify {unknown}
 i - a scroll of acquirement {unknown}
 l - a scroll of teleportation {unknown}
 m - a scroll of immolation {unknown}
Potions
 f - a potion of curing {unknown}
 j - a potion of lignification {unknown}


   Skills:
 - Level 2.1 Fighting
 - Level 4.0 Short Blades
 - Level 2.1 Throwing
 - Level 1.2 Dodging
 + Level 6.6 Stealth


You had 3 spell levels left.
You didn't know any spells.
Your spell library was empty.

Dungeon Overview and Level Annotations

Branches:
Dungeon (2/15)

Altars:


Innate Abilities, Weirdness & Mutations

You are small and have problems with some larger weapons.
You are completely attuned to the shadows.


Message History

The orc wizard flickers and vanishes!
Deactivating autopickup; reactivate with Ctrl-A.
You hit the orc but do no damage. You hit the orc but do no damage.
The orc misses you.
You hit the orc. The orc hits you but does no damage.
You barely miss the orc. The orc hits you with a +0 dagger.
You hit the orc. The orc barely misses you.
You hit the orc but do no damage. You barely miss the orc.
The orc hits you but does no damage.
You hit the orc.
You kill the orc!
The kobold throws a stone.
The stone hits you.
You hit something. Something hits you.
You miss something.
The kobold throws a stone.
The stone misses you. Something hits you but does no damage.
You barely miss something. You closely miss something.
Something barely misses you.
You closely miss something. You punch something.
Something hits you but does no damage.
You hit something. Something hits you but does no damage.
You hit something.
The kobold throws a stone.
The stone barely misses you. Something hits you.
You miss something. You closely miss something.
An orc comes into view. It is wielding a +0 hand axe.
The kobold throws a stone.
You hear some strange, mumbled words.
A puff of flame appears from out of thin air!
The puff of flame hits you!
* * * LOW HITPOINT WARNING * * *
The orc shouts!
You hit something.
You hear a shout!
An orc comes into view. It is wielding a +0 club.
Something hits you but does no damage.
You miss something.
You hear some strange, mumbled words.
A magic dart appears from out of thin air!
The magic dart hits you.
You die...

#.#.##
##o...###
{.......
#.oK.#
#.#{# #
#.#@#
#K##.#.###
.....)=....
###.######
#.# #.# #.#
#.#
#######.##


You could see 2 orcs and a kobold.

Vanquished Creatures
  Jessica (D:2)
  A dart slug (D:1)
  An orc (D:2)
  2 endoplasms (D:1)
  2 giant cockroaches (D:1)
  5 goblins (D:1)
  2 hobgoblins (D:1)
  A quokka (D:1)
  2 ball pythons (D:1)
  A bat (D:1)
  2 frilled lizards (D:1)
  2 kobolds (D:1)
  A rat (D:1)
23 creatures vanquished.

Notes
Turn   | Place    | Note
-------+----------+-------------------------------------------
     0 | D:1      | Colgate the Kobold Brigand began the quest for the Orb.
     0 | D:1      | Reached XP level 1. HP: 12/12 MP: 1/1
   140 | D:1      | Reached XP level 2. HP: 14/17 MP: 2/2
   890 | D:1      | Reached XP level 3. HP: 18/21 MP: 3/3
  1235 | D:2      | Noticed Jessica
  1239 | D:2      | Killed Jessica
  1240 | D:2      | Reached skill level 6 in Stealth
  1240 | D:2      | Reached XP level 4. HP: 26/26 MP: 4/4
  1267 | D:2      | Killed from afar by an orc wizard

Illustrated notes

Levels and vault maps discovered:
D:1:      heliophobic_arrival_dark_side_of_the_moon, layout_loops_ring,
          nicolae_concentric_dashed_squares_wild, kennysheep_doodads
D:2:      layout_loops_ring, hellmonk_ecumenical_altar_inner_sanctum,
          uniq_jessica

Skill      XL: |  1  2  3 |
---------------+----------+-----
Short Blades   | 3 4 |  4.0
Stealth        | 6 |  6.6
Fighting       | |  2.1
Throwing       | |  2.1
Dodging        | |  1.2

Action                   |  1- 3 |  4- 6 || total
-------------------------+-------+-------++-------
Melee: Dagger            |    55 |    23 ||    78
       Punch             |       |     1 ||     1
 Stab: Sleeping          |     9 |       ||     9
Armor: Robe              |     9 |     6 ||    15
Dodge: Dodged            |    51 |     8 ||    59

Table legend: (Time is in decaauts)
 A = Elapsed time spent in this place.
 B = Non-inter-level travel time spent in this place.
 C = Inter-level travel time spent in this place.
 D = Time resting spent in this place.
 E = Time spent auto-exploring this place.
 F = Levels seen in this place.
 G = Mean time per level.
                   A        B        C        D        E       F      G
               +--------+--------+--------+--------+--------+-----+--------+
         Total |   1252 |   1237 |     15 |      0 |   1074 |   2 |  626.0 |
       Dungeon |   1252 |   1237 |     15 |      0 |   1074 |   2 |  626.0 |
               +--------+--------+--------+--------+--------+-----+--------+

Top non-repeatable levels by time:
     D:1: 1203 daAuts
     D:2: 49 daAuts
